 Dungeon Crawl Stone Soup version 0.30-a0-557-ge2afbf3030 (webtiles) character file.

Game seed: 6270983746349688930

50941 Newt the Prestidigitator (level 14, -3/105 HPs)
             Began as a Demonspawn Gladiator on Dec 27, 2022.
             Was a High Priest of Dithmenos.
             Shot with an arrow by a naga sharpshooter (9 damage)
             ... on level 1 of the Snake Pit.
             The game lasted 00:26:46 (19409 turns).

Newt the Prestidigitator (Demonspawn Gladiator)    Turns: 19409, Time: 00:26:47

Health: -3/105     AC: 19    Str: 31    XL:     14   Next: 21%
Magic:  9/9        EV: 11    Int: 11    God:    Dithmenos [*****.]
Gold:   792        SH: 13    Dex: 15    Spells: 31/31 levels left

rFire   + . .      SeeInvis .    w - +6 trident of Miliah {antimagic, rElec rC- rCorr Str+3}
rCold   x x .      Faith    .    z - +2 kite shield
rNeg    . . .      Spirit   .    E - +1 chain mail of the Silversmith {Slay+3}
rPois   +          Reflect  .    c - +0 helmet
rElec   +          Harm     .    g - +1 cloak
rCorr   +          Rampage  .    (gloves unavailable)
Will    +....                    (no boots) Stlth
                                 (no amulet)
HPRegen 0.37/turn                f - +4 ring of slaying
MPRegen 0.11/turn                R - ring "Jorha" {rF+ rC- Str+10}

@: wreathed by umbra, invisible
A: slimy green scales 3, demonic guardian 3, condensation shield, demonic touch
3
a: Renounce Religion, Shadow Step, Shadow Form


You were on level 1 of the Snake Pit.
You worshipped Dithmenos.
Dithmenos was extremely pleased with you.
You visited 3 branches of the dungeon, and saw 15 of its levels.
You also visited: Sewer.

You collected 1112 gold pieces.
You spent 320 gold pieces at shops.

Inventory:

Hand Weapons
 a - a +0 rapier
 h - a +3 dagger of protection
 n - a +1 whip of electrocution
 w - the +6 trident of Miliah (weapon) {antimagic, rElec rC- rCorr Str+3}
   (You found it on level 5 of the Dungeon)

   It reduces the magical energy of the wielder, and disrupts the spells and
   magical abilities of those it strikes.
   Natural abilities and divine invocations are not affected.
   Str:       It affects your strength (+3).
   rC:        It makes you vulnerable to cold.
   rElec:     It insulates you from electricity.
   rCorr:     It protects you from acid and corrosion.
 H - a +0 dagger
 P - a +2 spear of flaming
Missiles
 d - 7 throwing nets (quivered)
 e - a javelin
 t - 24 poisoned darts
Armour
 b - a +0 leather armour
 c - a +0 helmet (worn)
 g - a +1 cloak (worn)
 z - a +2 kite shield (worn)
 E - the +1 chain mail of the Silversmith (worn) {Slay+3}
   (You bought it in a shop on level 5 of the Dungeon)

   Slay:      It affects your accuracy & damage with ranged weapons and melee
   (+3).
 M - a +2 kite shield
 T - a +2 robe of resistance
Jewellery
 f - a +4 ring of slaying (left hand)
 m - a ring of magical power
 G - a +4 ring of evasion
 I - an amulet of magic regeneration
 J - a +6 ring of dexterity
 R - the ring "Jorha" (right hand) {rF+ rC- Str+10}
   (You found it on level 5 of the Lair of Beasts)

   [ring of protection from fire]

   Str:       It affects your strength (+10).
   rF:        It protects you from fire.
   rC:        It makes you vulnerable to cold.
Wands
 v - a wand of paralysis (6)
 C - a wand of mindburst (7)
 D - a wand of flame (62)
 Q - a wand of roots (4)
Scrolls
 i - 3 scrolls of fear
 j - 2 scrolls of torment
 q - 2 scrolls of immolation
 u - 2 scrolls of fog
 x - 3 scrolls of blinking
 y - 4 scrolls of teleportation
 L - a scroll of magic mapping
 O - a scroll of enchant weapon
Potions
 k - 3 potions of curing
 l - 6 potions of lignification
 o - a potion of attraction
 p - a potion of flight {unknown}
 r - 3 potions of ambrosia
 s - 3 potions of haste
 A - a potion of invisibility
 B - 3 potions of degeneration
 F - 2 potions of might
 N - a potion of cancellation
 S - a potion of mutation
Miscellaneous
 K - a condenser vane (inert)


   Skills:
 - Level 8.0 Fighting
 - Level 2.6 Short Blades
 - Level 3.0 Maces & Flails
 - Level 8.0 Polearms
 - Level 6.0 Throwing
 - Level 8.0 Armour
 - Level 8.0 Dodging
 - Level 3.0 Stealth
 - Level 8.0 Shields
 - Level 9.2 Spellcasting
 + Level 8.1 Invocations
 - Level 10.0 Evocations


You had 31 spell levels left.
You didn't know any spells.
Your spell library contained the following spells:

 Spells                   Type           Power      Damage    Failure   Level
 Apportation              Tloc           10%        N/A       80%         1
 Beastly Appendage        Tmut           10%        N/A       80%         1
 Freeze                   Ice            20%        1d4       80%         1
 Magic Dart               Conj           20%        1d4       80%         1
 Sting                    Tmut/Pois      20%        1d4       80%         1
 Call Imp                 Summ           5%         N/A       91%         2
 Ensorcelled Hibernation  Hex/Ice        10%        N/A       91%         2
 Passwall                 Tmut/Erth      4%         N/A       91%         2
 Sublimation of Blood     Necr           5%         N/A       91%         2
 Wereblood                Tmut           5%         N/A       91%         2
 Call Canine Familiar     Summ           5%         N/A       99%         3
 Frozen Ramparts          Ice            10%        1d2       99%         3
 Hailstorm                Conj/Ice       5%         3d4       99%         3
 Ignite Poison            Fire/Tmut/Pois 5%         N/A       99%         3
 Inner Flame              Hex/Fire       5%         N/A       99%         3
 Mephitic Cloud           Conj/Pois/Air  5%         N/A       99%         3
 Portal Projectile        Hex/Tloc       10%        N/A       99%         3
 Spider Form              Tmut/Pois      5%         N/A       99%         3
 Swiftness                Air            5%         N/A       99%         3
 Cause Fear               Hex            2%         N/A       100%        4
 Fulminant Prism          Conj/Hex       2%         3d5       100%        4
 Leda's Liquefaction      Hex/Erth       2%         N/A       100%        4
 Sticky Flame             Conj/Fire      5%         2d3       100%        4
 Alistair's Intoxication  Tmut/Pois      3%         N/A       100%        5
 Lee's Rapid Deconstruct  Erth           2%         3d5*      100%        5
 Statue Form              Tmut/Erth      3%         N/A       100%        6
 Summon Hydra             Summ           2%         N/A       100%        7
 Discord                  Hex            2%         N/A       100%        8
 Ignition                 Fire           2%         3d3       100%        8


Dungeon Overview and Level Annotations

Branches:
Dungeon (9/15)             Temple (0/1) D:5            Lair (5/5) D:8
 Shoals (0/4) Lair:3        Snake (1/4) Lair:3        Slime (0/5) Lair:4
  Sewer (visited)
    Orc: D:9-12

Altars:
Dithmenos
Nemelex Xobeh
Sif Muna
Uskayaw
Xom
Jiyva

Shops:
D:5 *   D:8 (


Innate Abilities, Weirdness & Mutations

You are completely covered in slimy green scales. (AC +4, rPois)
A powerful demonic guardian rushes to your aid.
A meltable shield of frost defends you. (SH +0)
Your touch may irresistibly damage your foes and sap their willpower.


Message History

* * * LOW HITPOINT WARNING * * *
The naga sharpshooter casts a spell.
The naga sharpshooter magically shoots an arrow.
The arrow hits you!
* * * LOW HITPOINT WARNING * * *
The naga sharpshooter mumbles some strange words.
The naga sharpshooter magically shoots a bolt.
The bolt hits you!
* * * LOW HITPOINT WARNING * * *
A demonic guardian appears!
The bolt burns you.
* * * LOW HITPOINT WARNING * * *
Unknown command.
You fade into invisibility!
You feel sick.
The naga sharpshooter gestures wildly while chanting.
The naga sharpshooter magically shoots an arrow.
You block the arrow.
Your lorocyproca hits the naga sharpshooter!!
The naga sharpshooter's magic leaks into the air.
The naga sharpshooter falters for a moment.
You hear an angry hiss.
Unknown command.
As you read the scroll of fear, it crumbles to dust.
You assume a fearsome visage.
The naga sharpshooter looks frightened!
The naga sharpshooter resists with almost no effort.
You feel sick.
The naga sharpshooter gestures wildly while chanting.
The naga sharpshooter magically shoots an arrow.
The arrow hits you but does no damage.
An anaconda comes into view.
Your lorocyproca closely misses the naga sharpshooter.
Unknown command.
Unknown command.
You hit the naga sharpshooter.
The naga sharpshooter's magic leaks into the air.
The naga sharpshooter is lightly wounded.
You feel sick.
You are no longer poisoned.
The naga sharpshooter shoots an arrow.
The arrow hits you!
You die...

......##........# ......
..... ##........ ......#
##..# #........
.......####. #..#.#..#
........# #..###...
.......S. .# #..# #...
......2N# .# #..# #...
......N.# .# #..# #...
..##@## .###..# #...
#..##.###.#....# #...
#..###..#......# #...
#..# ##.........##...
#..# ###.........#...
#..###..#............
#.......#............
####..........##........
##............###........


You could see 2 naga sharpshooters, an anaconda (wandering, unable to see you)
and a friendly lorocyproca (summoned, invisible).

Vanquished Creatures
  Jorgrun (Lair:3)
  Nessos (Lair:3)
  Azrael (Snake:1)
  A hydra (Lair:5)
  A catoblepas (Lair:5)
  Harold (Lair:1)
  A boulder beetle (Lair:2)
  A naga warrior (Snake:1)
  A naga sharpshooter (Snake:1)
  The ghost of Sabo the Covered, a novice AtFi of Qazlal (D:7)
  Pikel (D:6)
  A lindwurm (Lair:5)
  A salamander (Snake:1)
  A faun (Lair:2)
  16 elephants
  3 merfolk sirens (Lair:3)
  9 black mambas
  2 naga magi (Snake:1)
  10 cane toads
  4 komodo dragons
  7 polar bears
  3 blink frogs
  A merfolk (Lair:3)
  3 hornets (Lair:5)
  5 dream sheep
  9 spriggans (Lair:5)
  4 wyverns (Lair:3)
  16 yaks
  3 fire elementals
  A basilisk (Lair:3)
  A hell hound (Snake:1)
  14 water moccasins
  3 nagas
  A floating eye (Lair:4)
  Pargi (Sewer)
  6 black bears
  2 elephant zombies (Lair:3)
  4 ice beasts
  55 wolves
  8 boggarts
  5 centaurs
  2 lemures (D:6)
  An ogre (D:7)
  5 bullfrogs
  A komodo dragon zombie (Lair:3)
  A kobold brigand (D:8)
  A gnoll sergeant (D:7)
  3 scorpions
  6 killer bees (D:7)
  2 howler monkeys
  3 electric eels
  4 hounds
  3 jellies
  A lava snake (Lair:5)
  A basilisk zombie (Lair:3)
  A gnoll bouda (D:5)
  2 iguanas (D:6)
  Natasha (D:3)
  7 adders
  8 gnolls
  A shadow imp (D:5)
  4 ufetubi
  2 dart slugs
  8 orcs
  4 bats
  5 endoplasms
  A giant cockroach (D:1)
  7 hobgoblins
  3 quokkas
  9 ball pythons
  7 frilled lizards
  5 goblins
  14 kobolds
  7 rats
  A fire vortex (Lair:5)
341 creatures vanquished.

Vanquished Creatures (collateral kills)
  A hydra (Lair:3)
  A catoblepas (Lair:3)
  An anaconda (Lair:3)
  2 spriggans (Lair:5)
  A necromancer (Lair:3)
  8 elephants (Lair:5)
  An eye of devastation (Lair:4)
  2 cane toads
  2 komodo dragons
  A hornet (Lair:5)
  6 blink frogs
  3 dream sheep (Lair:4)
  A fire elemental (Snake:1)
  2 yaks (Lair:3)
  A basilisk (Lair:5)
  A water moccasin (Lair:3)
  A hell hound (Snake:1)
  An elephant zombie (Lair:3)
  3 wolves
  A bullfrog (Lair:2)
40 creatures vanquished.

Vanquished Creatures (others)
  28 fungi
  56 plants
84 creatures vanquished.

Grand Total: 465 creatures vanquished

Notes
Turn   | Place    | Note
-------+----------+-------------------------------------------
     0 | D:1      | Newt the Demonspawn Gladiator began the quest for the Orb.
     0 | D:1      | Reached XP level 1. HP: 16/16 MP: 1/1
    52 | D:1      | Reached skill level 1 in Stealth
    58 | D:1      | Gained mutation: Your touch may inflict minor irresistible
                  | damage on your foes. [demonic ancestry]
    58 | D:1      | Reached XP level 2. HP: 20/22 MP: 2/2
   397 | D:1      | Found a faded altar of an unknown god.
   895 | D:2      | Reached XP level 3. HP: 27/27 MP: 3/3
   964 | D:2      | You fall into a shaft and drop 1 floor!
  1506 | D:3      | Noticed Natasha
  1511 | D:3      | Killed Natasha
  1512 | D:3      | Reached skill level 1 in Maces & Flails
  1512 | D:3      | Gained mutation: A weak demonic guardian rushes to your
                  | aid. [demonic ancestry]
  1512 | D:3      | Reached XP level 4. HP: 30/33 MP: 4/4
  1993 | D:3      | Found a shadowy altar of Dithmenos.
  1993 | D:3      | Found a shimmering blue altar of Sif Muna.
  2149 | D:3      | Became a worshipper of Dithmenos the Shadowed
  2472 | D:4      | Reached XP level 5. HP: 20/39 MP: 5/5
  3042 | D:5      | Entered Level 5 of the Dungeon
  3048 | D:5      | Noticed a centaur
  3053 | D:5      | Killed a centaur
  3054 | D:5      | Gained mutation: You are partially covered in slimy green
                  | scales. (AC +2) [demonic ancestry]
  3054 | D:5      | Reached XP level 6. HP: 14/48 MP: 6/6
  3180 | D:5      | Found a staircase to the Ecumenical Temple.
  3213 | D:5      | Found Waruivid's General Store.
  3290 | D:5      | Identified the +6 trident of Miliah {antimagic, rElec rC-
                  | rCorr Str+3}
  3349 | D:5      | Found a glowing drain.
  3353 | Sewer    | Entered a sewer
  3404 | Sewer    | Noticed Pargi
  3414 | Sewer    | Killed Pargi
  3415 | Sewer    | Reached skill level 5 in Fighting
  3483 | Sewer    | Reached * piety under Dithmenos
  3501 | D:5      | Noticed an ice beast
  3521 | D:5      | Reached skill level 1 in Polearms
  3524 | D:5      | Killed an ice beast
  3525 | D:5      | Gained mutation: A demonic guardian rushes to your aid.
                  | [demonic ancestry]
  3525 | D:5      | Reached XP level 7. HP: 27/56 MP: 5/7
  3708 | D:5      | Identified the +5 short sword of Drought {spect, SInv}
  4151 | D:6      | Found a sparkling altar of Nemelex Xobeh.
  4172 | D:6      | Reached skill level 5 in Polearms
  4206 | D:6      | Found a shimmering altar of Xom.
  4230 | D:6      | Noticed Pikel
  4251 | D:6      | Killed Pikel
  4252 | D:6      | Reached XP level 8. HP: 52/62 MP: 5/8
  4980 | D:5      | Bought the +1 chain mail of the Silversmith {Slay+3} for
                  | 320 gold pieces
  5133 | D:7      | Noticed Sabo's ghost (novice AtFi)
  5247 | D:7      | Gained mutation: You are mostly covered in slimy green
                  | scales. (AC +3) [demonic ancestry]
  5247 | D:7      | Reached XP level 9. HP: 49/68 MP: 6/9
  5346 | D:7      | Found a transporter.
  5350 | D:7      | Found a transporter.
  5376 | D:7      | Killed Sabo's ghost
  5376 | D:7      | Reached ** piety under Dithmenos
  5377 | D:7      | Reached skill level 5 in Dodging
  5563 | D:7      | Reached skill level 5 in Armour
  6144 | D:8      | Found a staircase to the Lair.
  6196 | D:8      | Reached skill level 5 in Throwing
  6593 | D:8      | Found Qitiynni's Antique Weapon Boutique.
  6640 | D:8      | Gained mutation: Your touch may inflict irresistible damage
                  | on your foes. [demonic ancestry]
  6640 | D:8      | Reached XP level 10. HP: 73/74 MP: 6/10
  6850 | Lair:1   | Entered Level 1 of the Lair of Beasts
  6962 | Lair:1   | Noticed an elephant
  6963 | Lair:1   | Noticed an elephant
  6963 | Lair:1   | Noticed an elephant
  6963 | Lair:1   | Noticed an elephant
  6964 | Lair:1   | Noticed an elephant
  6976 | Lair:1   | Killed an elephant
  6977 | Lair:1   | Reached skill level 2 in Evocations
  6981 | Lair:1   | Killed an elephant
  6982 | Lair:1   | Reached skill level 3 in Evocations
  6986 | Lair:1   | Killed an elephant
  6987 | Lair:1   | Reached skill level 4 in Evocations
  6991 | Lair:1   | Killed an elephant
  6992 | Lair:1   | Reached skill level 5 in Evocations
  6997 | Lair:1   | Killed an elephant
  7108 | Lair:1   | Noticed Harold
  7108 | Lair:1   | Noticed a cane toad
  7119 | Lair:1   | Killed a cane toad
  7120 | Lair:1   | Reached skill level 6 in Evocations
  7122 | Lair:1   | Killed Harold
  7684 | Lair:1   | Noticed a cane toad
  7693 | Lair:1   | Killed a cane toad
  7835 | Lair:1   | Found a hide-covered altar of Uskayaw.
  8310 | Lair:2   | Noticed a boulder beetle
  8329 | Lair:2   | Killed a boulder beetle
  8330 | Lair:2   | Gained mutation: A meltable shield of frost defends you.
                  | (SH +0) [demonic ancestry]
  8330 | Lair:2   | Reached XP level 11. HP: 35/86 MP: 3/11
  9183 | Lair:2   | HP: 2/86 [polar bear (4)]
  9379 | Lair:2   | Reached *** piety under Dithmenos
  9601 | Lair:2   | Reached skill level 1 in Shields
 10002 | Lair:2   | Got the Codex of Entrancing Transformation
 10840 | Lair:3   | Reached skill level 5 in Shields
 10916 | Lair:3   | Noticed Nessos
 10916 | Lair:3   | Noticed a catoblepas
 10939 | Lair:3   | Killed a catoblepas
 10959 | Lair:3   | Killed Nessos
 11293 | Lair:3   | Found a staircase to the Shoals.
 11298 | Lair:3   | Gained mutation: A powerful demonic guardian rushes to your
                  | aid. [demonic ancestry]
 11298 | Lair:3   | Reached XP level 12. HP: 92/92 MP: 4/12
 11398 | Lair:3   | Noticed an eight-headed hydra
 11413 | Lair:3   | HP: 3/92 [eight-headed hydra (5)]
 11417 | Lair:3   | Killed an eight-headed hydra
 11419 | Lair:3   | Reached skill level 1 in Spellcasting
 11421 | Lair:3   | Reached **** piety under Dithmenos
 12269 | Lair:3   | Reached skill level 5 in Spellcasting
 12374 | Lair:3   | Found a staircase to the Snake Pit.
 12900 | Lair:4   | Noticed a boulder beetle
 13242 | Lair:4   | Paralysed by a floating eye for 2 turns
 13247 | Lair:4   | Paralysed by a floating eye for 2 turns
 13657 | Lair:4   | Gained mutation: You are completely covered in slimy green
                  | scales. (AC +4, rPois) [demonic ancestry]
 13657 | Lair:4   | Reached XP level 13. HP: 59/98 MP: 8/25
 14153 | Lair:4   | Found a viscous altar of Jiyva.
 14154 | Lair:4   | Found a staircase to the Slime Pits.
 14658 | Lair:5   | Entered Level 5 of the Lair of Beasts
 14870 | Lair:5   | Reached skill level 7 in Evocations
 15119 | Lair:5   | Reached skill level 8 in Evocations
 15161 | Lair:5   | Reached ***** piety under Dithmenos
 15338 | Lair:5   | Reached skill level 9 in Evocations
 15664 | Lair:5   | Reached skill level 10 in Evocations
 16999 | Lair:5   | Reached skill level 1 in Invocations
 17063 | Lair:5   | Identified the ring "Jorha" {rF+ rC- Str+10}
 17368 | Snake:1  | Entered Level 1 of the Snake Pit
 17614 | Snake:1  | Gained mutation: Your touch may irresistibly damage your
                  | foes and sap their willpower. [demonic ancestry]
 17614 | Snake:1  | Reached XP level 14. HP: 65/105 MP: 9/27
 18144 | Snake:1  | Noticed Jorgrun
 18165 | Lair:3   | Reached skill level 5 in Invocations
 18584 | Lair:3   | Killed Jorgrun
 18830 | Snake:1  | Noticed Azrael
 18874 | Snake:1  | Killed Azrael
 19409 | Snake:1  | Shot with an arrow by a naga sharpshooter

Illustrated notes

Levels and vault maps discovered:
D:1:      minmay_arrival_diagonal_passages, layout_loops_ring,
          shapermc_ecumenical_altar_acropolis
D:2:      layout_rooms, minmay_misc_feat_alley, hangedman_decor_growths
D:3:      minmay_evil_eye, layout_basic, gammafunk_temple_overflow_statue,
          minmay_misc_feat_square, serial_bayou_pond_e, uniq_natasha
D:4:      layout_loops_ring
D:5:      layout_basic, temple_green, serial_shops, nicolae_shop_behind_doors,
          gup_sewer_entry_bowl
D:6:      layout_basic, mainiacjoe_overflow_paths, lemuel_crystal_altar,
          uniq_pikel
D:7:      layout_loops_cross, gammafunk_ghost_hive, minivault_26
D:8:      layout_basic, lair_entry_dummy, serial_shops, shop_fountains,
          amcnicky_mini_pool_small
D:9:      layout_cave_pools, grunt_decor_clamped
Lair:1:   layout_cave_pods, basic_altar, infiniplex_staircase_pool, uniq_harold
Lair:2:   layout_cave_pods, grunt_forest_large_clearings
Lair:3:   pond_and_an_island_with_a_cottage, layout_loops_ring,
          elwin_shoals_entry_stream, dummy_snake_entry, uniq_nessos
Lair:4:   layout_small_grid, minmay_slime_entry_eyes, kilobyte_rumbling_trees
Lair:5:   minmay_lair_end_enchanted_forest, layout_gridlike,
          lemuel_another_geyser, lemuel_fruit_tree
Snake:1:  layout_onion, grunt_megastairs_3, uniq_jorgrun, uniq_aizul,
          uniq_azrael

Skill      XL: |  1  2  3  4  5  6  7  8  9 10 11 12 13 14 |
---------------+-------------------------------------------+-----
Stealth        | 1 2 3 |  3.0
Maces & Flails | 1 3 |  3.0
Fighting       | 4 5 8 |  8.0
Polearms       | 2 7 8 |  8.0
Dodging        | 4 5 8 |  8.0
Armour         | 5 8 |  8.0
Throwing       | 5 6 |  6.0
Evocations     | 6 10 | 10.0
Shields        | 6 8 |  8.0
Spellcasting   | 8 9 |  9.2
Invocations    | 3 8 |  8.1
Short Blades   | |  2.6

Action                   |  1- 3 |  4- 6 |  7- 9 | 10-12 | 13-15 || total
-------------------------+-------+-------+-------+-------+-------++-------
Melee: Rapier            |    29 |       |       |       |       ||    29
       Dagger            |    26 |       |       |       |       ||    26
       Touch             |     6 |     7 |    24 |    16 |       ||    53
       Whip              |    23 |    62 |       |       |       ||    85
       Trident           |       |    35 |   166 |   584 |   455 ||  1240
       Punch             |       |       |     1 |     2 |       ||     3
Throw: Dart              |       |       |       |     2 |       ||     2
       Javelin           |       |       |       |       |     1 ||     1
Evoke: Condenser vane    |       |       |       |       |     1 ||     1
  Use: Scroll            |     1 |    11 |     4 |     3 |    11 ||    30
       Potion            |       |     1 |       |     5 |     6 ||    12
 Stab: Sleeping          |    10 |     4 |     1 |       |       ||    15
       Petrified         |       |       |       |     1 |     1 ||     2
       Petrifying        |       |       |       |       |     1 ||     1
       Distracted        |       |       |       |       |     1 ||     1
Armor: Leather armour    |    19 |    39 |    19 |       |       ||    77
       Chain mail        |       |       |    42 |   301 |   264 ||   607
Dodge: Dodged            |    39 |    58 |    94 |   375 |   240 ||   806
Block: Kite shield       |       |       |       |   453 |   412 ||   865

Table legend: (Time is in decaauts)
 A = Elapsed time spent in this place.
 B = Non-inter-level travel time spent in this place.
 C = Inter-level travel time spent in this place.
 D = Time resting spent in this place.
 E = Time spent auto-exploring this place.
 F = Levels seen in this place.
 G = Mean time per level.
                   A        B        C        D        E       F      G
               +--------+--------+--------+--------+--------+-----+--------+
         Total |  19509 |  18887 |    622 |   5742 |  10253 |  16 | 1219.3 |
       Dungeon |   6708 |   6316 |    392 |    215 |   5162 |   9 |  745.3 |
          Lair |  11717 |  11488 |    229 |   5043 |   4832 |   5 | 2343.4 |
     Snake Pit |    905 |    905 |      0 |    484 |    183 |   1 |  905.0 |
         Sewer |    177 |    177 |      0 |      0 |     75 |   1 |  177.0 |
               +--------+--------+--------+--------+--------+-----+--------+

Top non-repeatable levels by time:
  Lair:3: 3189 daAuts
  Lair:5: 2629 daAuts
  Lair:2: 2573 daAuts
  Lair:4: 1949 daAuts
  Lair:1: 1376 daAuts
     D:7: 994 daAuts
     D:5: 946 daAuts
     D:6: 911 daAuts
 Snake:1: 905 daAuts
     D:4: 864 daAuts
     D:3: 838 daAuts
     D:1: 803 daAuts
     D:8: 760 daAuts
     D:2: 533 daAuts
   Sewer: 177 daAuts
